 Dungeon Crawl Stone Soup version 0.30-a0-1160-g6e42c06551 (webtiles) character file.

Game seed: 5376008347632469666

28225 Maxmaps the Nimble (level 13, -2/104 HPs)
             Began as a Demonspawn Monk on Apr 26, 2023.
             Was an Initiate of Gozag.
             Slain by a skeletal warrior
             ... wielding a +0 scimitar
              (21 damage)
             ... on level 11 of the Dungeon.
             The game lasted 00:27:27 (19417 turns).

Maxmaps the Nimble (Demonspawn Monk)               Turns: 19417, Time: 00:27:28

Health: -2/104     AC: 15    Str: 11    XL:     13   Next: 8%
Magic:  13/13      EV: 17    Int: 18    God:    Gozag
Gold:   538        SH:  7    Dex: 22    Spells: 12/12 levels left

rFire   + . .        B - +3 scimitar (freeze)
rCold   + . .        t - +0 buckler
rNeg    . . .        h - +2 ring mail {rPois}
rPois   +            x - +2 helmet
rElec   .            y - +0 cloak
rCorr   .            (no gloves)
SInv    .            (no boots)
Will    .....        M - amulet of magic regeneration
Stlth   +            b - ring of Cowardice {Wiz rF+ Int+3 Dex+4}
HPRegen 0.37/turn    E - ring of protection from cold
MPRegen 0.53/turn

%: wizardry (x1)
@: studying Stealth
A: ignite blood 1, powered by death 1, sharp scales 2, demonic touch 2
a: Renounce Religion, Potion Petition, Call Merchant, Bribe Branch


You were on level 11 of the Dungeon.
You worshipped Gozag.
Gozag was pleased with you.
You visited 3 branches of the dungeon, and saw 16 of its levels.
You also visited: Ossuary.

You collected 2945 gold pieces.
You spent 959 gold pieces at shops.
You paid 1448 gold pieces to Gozag.

Inventory:

Hand Weapons
 e - a +2 dagger of venom
 B - a +3 scimitar of freezing (weapon)
Missiles
 a - 5 throwing nets (quivered)
Armour
 c - an orb of light
 h - a +2 ring mail of poison resistance (worn)
 l - a +1 scale mail of cold resistance
 o - +0 steam dragon scales
 t - a +0 buckler (worn)
 x - a +2 helmet (worn)
 y - a +0 cloak (worn)
 O - the +2 plate armour of the Eleven Ziggurats {rF+ Str+2 Dex+7}
   (You bought it in a shop on level 2 of the Lair of Beasts)

   Str:       It affects your strength (+2).
   Dex:       It affects your dexterity (+7).
   rF:        It protects you from fire.
Jewellery
 b - the ring of Cowardice (left hand) {Wiz rF+ Int+3 Dex+4}
   (You acquired it on level 4 of the Dungeon)

   [ring of wizardry]

   It improves your spell success rate.
   Int:       It affects your intelligence (+3).
   Dex:       It affects your dexterity (+4).
   rF:        It protects you from fire.
 E - a ring of protection from cold (right hand)
 H - a ring of fire
 J - the ring "Doesic" {rN+ MP+9 Str+8 Int-4 Stlth+}
   (You found it on level 11 of the Dungeon)

   [ring of magical power]

   Str:       It affects your strength (+8).
   Int:       It affects your intelligence (-4).
   rN:        It protects you from negative energy.
   MP:        It affects your magic capacity (+9).
   Stlth:     It makes you more stealthy.
 M - an amulet of magic regeneration (around neck)
Wands
 n - a wand of flame (9)
 D - a wand of charming (6)
 I - a wand of polymorph (4)
 K - a wand of quicksilver (1)
 L - a wand of digging (4)
Scrolls
 d - a scroll of fear
 g - 6 scrolls of amnesia
 i - 4 scrolls of identify
 j - 2 scrolls of enchant armour
 p - a scroll of enchant weapon
 r - 4 scrolls of vulnerability
 s - 5 scrolls of blinking
 A - 3 scrolls of noise
 G - a scroll of torment
Potions
 f - a potion of brilliance
 k - 2 potions of mutation
 m - a potion of lignification
 u - a potion of resistance
 v - 3 potions of attraction
 z - 4 potions of flight
 C - 2 potions of heal wounds
 F - 2 potions of magic
 N - a potion of haste
Miscellaneous
 w - a phantom mirror


   Skills:
 - Level 10.4 Fighting
 - Level 10.4 Short Blades
 + Level 7.8 Armour
 - Level 11.2 Dodging
 - Level 7.7 Shields
 - Level 3.0 Unarmed Combat


You had 12 spell levels left.
You didn't know any spells.
Your spell library contained the following spells:

 Spells                   Type           Power      Damage    Failure   Level
 Apportation              Tloc           0%         N/A       24%         1
 Cigotuvi's Dreadful Rot  Necr/Pois/Air  0%         N/A       34%         2
 Lesser Beckoning         Tloc           0%         N/A       34%         2
 Scorch                   Fire           0%         2d5       34%         2
 Gell's Gravitas          Tloc           0%         N/A       56%         3
 Mephitic Cloud           Conj/Pois/Air  0%         N/A       56%         3
 Stone Arrow              Conj/Erth      0%         3d7       56%         3
 Animate Armour           Summ/Erth      0%         N/A       91%         4
 Dispel Undead            Necr           0%         3d6       91%         4
 Flame Wave               Conj/Fire      0%         2d4       91%         4
 Blade Hands              Tmut           0%         N/A       99%         5
 Death Channel            Necr           0%         N/A       100%        6
 Iron Shot                Conj/Erth      0%         9d1       100%        6
 Summon Cactus Giant      Summ           0%         N/A       100%        6
 Malign Gateway           Summ/Tloc      0%         N/A       100%        7
 Lehudib's Crystal Spear  Conj/Erth      0%         10d2      100%        8
 Summon Horrible Things   Summ           0%         N/A       100%        8


Dungeon Overview and Level Annotations

Branches:
Dungeon (12/15)            Temple (1/1) D:7            Lair (3/5) D:9
 Spider (0/4) Lair:2      Ossuary (visited)
  Swamp: Lair:2-3    Shoals: Lair:2-3       Orc: D:9-12

Altars:
Ashenzari
Cheibriados
Dithmenos
Fedhas
Gozag
Hepliaklqana
Kikubaaqudgha
Makhleb
Nemelex Xobeh
Okawaru
Qazlal
Ru
Sif Muna
Trog
Uskayaw
Vehumet
Wu Jian
Xom
Yredelemnul

Shops:
D:4 (   Lair:2 [


Innate Abilities, Weirdness & Mutations

Your demonic aura sometimes causes spilled blood to erupt in flames.
You regenerate a little health from kills.
You are mostly covered in razor-sharp scales. (AC +2, Slay +2)
Your touch may inflict irresistible damage on your foes.


Message History

The skeletal warrior hits you with a +0 scimitar!!
You slash the skeletal warrior!
The skeletal warrior is heavily damaged.
The skeletal warrior closely misses you.
You slash the skeletal warrior! You freeze the skeletal warrior.
The skeletal warrior is severely damaged.
The skeletal warrior hits you with a +0 scimitar. x2
* * * LOW HITPOINT WARNING * * *
You barely miss the skeletal warrior.
The skeletal warrior is severely damaged.
The skeletal warrior completely misses you.
You hit the skeletal warrior.
The skeletal warrior is severely damaged.
The skeletal warrior hits you but does no damage.
You hit the skeletal warrior.
The skeletal warrior is severely damaged.
The skeletal warrior hits you with a +0 scimitar!
* * * LOW HITPOINT WARNING * * *
You hit the skeletal warrior but do no damage.
The skeletal warrior is severely damaged.
You block the skeletal warrior's attack.
You hit the skeletal warrior but do no damage.
The skeletal warrior is severely damaged.
The skeletal warrior hits you but does no damage.
You hit the skeletal warrior.
The skeletal warrior is severely damaged.
The skeletal warrior hits you but does no damage.
You hit the skeletal warrior.
The skeletal warrior is severely damaged.
You block the skeletal warrior's attack.
The skeletal warrior hits you with a +0 scimitar.
* * * LOW HITPOINT WARNING * * *
You closely miss the skeletal warrior.
The skeletal warrior is severely damaged.
The skeletal warrior completely misses you.
You slash the skeletal warrior! You freeze the skeletal warrior.
The skeletal warrior is almost destroyed.
The skeletal warrior hits you with a +0 scimitar!!
You die...
Your body crumbles into a pile of gold.

#### ### ##..# #.# ### #####.##.
.## ####.# ### ##.#...#.. ..##
#.##.# ###.# #.##...... ...#
##...# #..## ##.#..##... ...##
##..# #@## ##.##..###..
....#####.## ##z# ##..##.## #..
###...###..####.z# ##..##..# ##..
#..........##.>###...#...###..#
###............)...........##..##
.....#####.................#..###
....## ##.........#........####
##..# ##...<.....#...........
##..# ##.....................


You could see 2 skeletal warriors.

Vanquished Creatures
  Harold (D:10)
  A boulder beetle (Lair:2)
  A death knight (D:11)
  2 two-headed ogres (D:11)
  Amaemon (D:11)
  2 skysharks (Lair:2)
  A skeletal warrior (D:11)
  Pikel (D:6)
  2 cyclopes
  An ugly thing (D:11)
  8 elephants
  Maurice (D:8)
  A gargoyle (D:11)
  An orange demon (D:11)
  A kobold demonologist (D:11)
  2 unseen horrors
  2 cane toads
  3 komodo dragons
  Psyche (D:8)
  2 polar bears
  A troll (D:11)
  Sigmund (D:2)
  3 jumping spiders (Lair:2)
  3 culicivoras (Lair:2)
  2 wyverns (D:11)
  30 yaks
  3 wraiths (D:11)
  A steam dragon (D:5)
  A basilisk (Lair:1)
  5 vampire mosquitoes (D:11)
  Menkaure (D:7)
  2 redbacks (Lair:2)
  2 acid dragons
  5 water moccasins
  4 sky beasts
  An ice beast (D:6)
  6 orc warriors
  A black bear (D:4)
  An ogre (D:6)
  16 wolves
  7 centaurs
  A lemure (D:6)
  A phantom (D:7)
  2 kobold brigands
  7 bullfrogs
  4 scorpions
  A gnoll sergeant (D:5)
  20 wights
  2 vampire bats (D:9)
  5 killer bees (D:9)
  6 howler monkeys
  2 jellies
  2 gnoll boudas
  3 hounds
  6 orc priests
  Ijyb (D:3)
  4 iguanas
  7 orc wizards
  2 mummies
  14 gnolls
  7 adders
  2 shadow imps
  3 white imps (D:6)
  An ufetubus (D:6)
  3 worms
  3 dart slugs
  32 orcs
  4 spectral bats (Ossuary)
  2 ball pythons
  4 bats
  2 bat skeletons (D:9)
  3 bat zombies (D:9)
  10 endoplasms
  4 giant cockroaches
  7 goblins
  10 hobgoblins
  2 jackals (D:3)
  2 quokkas (D:2)
  3 bat simulacra (Ossuary)
  3 frilled lizards
  12 gnoll zombies (Ossuary)
  2 goblin simulacra (Ossuary)
  5 goblin zombies (Ossuary)
  3 hobgoblin zombies
  18 kobolds
  8 kobold simulacra (Ossuary)
  5 kobold zombies
  7 orc zombies (Ossuary)
  8 rats
  3 rat simulacra (Ossuary)
  A spectral goblin (Ossuary)
  4 spectral kobolds (Ossuary)
  3 spectral rats (Ossuary)
407 creatures vanquished.

Vanquished Creatures (others)
  10 fungi
  9 plants
19 creatures vanquished.

Grand Total: 426 creatures vanquished

Notes
Turn   | Place    | Note
-------+----------+-------------------------------------------
     0 | D:1      | Maxmaps the Demonspawn Monk began the quest for the Orb.
     0 | D:1      | Reached XP level 1. HP: 18/18 MP: 1/1
   240 | D:1      | Reached skill level 3 in Dodging
   240 | D:1      | Gained mutation: Your demonic aura sometimes causes spilled
                  | blood to erupt in flames. [demonic ancestry]
   240 | D:1      | Reached XP level 2. HP: 22/24 MP: 2/2
   304 | D:1      | Found a faded altar of an unknown god.
   353 | D:1      | Reached skill level 1 in Short Blades
  1115 | D:2      | Reached XP level 3. HP: 28/29 MP: 3/3
  1217 | D:2      | Found a snail-covered altar of Cheibriados.
  1421 | D:2      | Reached XP level 4. HP: 26/35 MP: 4/4
  1673 | D:2      | Noticed Sigmund
  1690 | D:2      | Killed Sigmund
  1691 | D:2      | Gained mutation: You are partially covered in razor-sharp
                  | scales. (AC +1, Slay +1) [demonic ancestry]
  1691 | D:2      | Reached XP level 5. HP: 34/41 MP: 5/5
  1962 | D:3      | Reached skill level 5 in Short Blades
  1962 | D:3      | Reached XP level 6. HP: 27/47 MP: 6/6
  2388 | D:3      | Noticed Ijyb
  2398 | D:3      | Killed Ijyb
  2698 | D:4      | Reached skill level 5 in Fighting
  2698 | D:4      | Reached XP level 7. HP: 14/56 MP: 7/7
  2736 | D:4      | HP: 2/56 [poisoned by an adder]
  2787 | D:4      | Found a sand-covered staircase.
  2801 | Ossuary  | Entered an ossuary
  3447 | D:4      | Identified a scroll of acquirement
  3447 | D:4      | Acquired the ring of Cowardice {Wiz rF+ Int+3 Dex+4}
  3578 | D:4      | Got the Papyrus of the Translocational Queen Bee
  3876 | D:4      | Found Senu's Antique Weapon Emporium.
  4166 | D:5      | Entered Level 5 of the Dungeon
  4209 | D:5      | Noticed a steam dragon
  4222 | D:5      | Killed a steam dragon
  4345 | D:5      | Reached XP level 8. HP: 31/67 MP: 8/8
  4895 | D:5      | You fall into a shaft and drop 2 floors!
  5156 | D:7      | Found a staircase to the Ecumenical Temple.
  5202 | Temple   | Entered the Ecumenical Temple
  5317 | Temple   | Became a worshipper of Gozag Ym Sagoz the Greedy
  5374 | D:7      | Reached skill level 10 in Fighting
  5384 | D:7      | Noticed Menkaure
  5408 | D:7      | Killed Menkaure
  5409 | D:7      | Gained mutation: You regenerate a little health from kills.
                  | [demonic ancestry]
  5409 | D:7      | Reached XP level 9. HP: 79/79 MP: 9/9
  5621 | D:6      | Reached skill level 1 in Shields
  6232 | D:6      | Reached skill level 5 in Shields
  6329 | D:6      | Noticed Pikel
  6356 | D:6      | Killed Pikel
  7276 | D:7      | Reached XP level 10. HP: 68/78 MP: 10/10
  8227 | D:8      | Noticed Psyche
  8241 | D:8      | Killed Psyche
  8887 | D:8      | Found a shadowy altar of Dithmenos.
  8893 | D:8      | Noticed Maurice
  8941 | D:8      | Killed Maurice
 10587 | D:9      | Noticed a lindwurm
 10607 | D:9      | Noticed a lindwurm
 10613 | D:9      | Noticed a lindwurm
 10648 | D:9      | Gained mutation: Your touch may inflict minor irresistible
                  | damage on your foes. [demonic ancestry]
 10648 | D:9      | Reached XP level 11. HP: 72/92 MP: 11/11
 10728 | D:9      | Reached skill level 10 in Short Blades
 10864 | D:9      | Noticed a lindwurm
 11073 | D:9      | Found an ancient bone altar of Kikubaaqudgha.
 11128 | D:9      | Reached skill level 1 in Armour
 11307 | D:4      | Bought a runed scimitar for 175 gold pieces
 11486 | D:9      | Found a staircase to the Lair.
 11798 | D:10     | Entered Level 10 of the Dungeon
 12326 | D:10     | Noticed Harold
 12464 | D:10     | Killed Harold
 12483 | D:10     | Reached skill level 5 in Armour
 12967 | D:11     | Reached skill level 4 in Dodging
 13240 | D:11     | Noticed a two-headed ogre
 13246 | D:11     | Killed a two-headed ogre
 13247 | D:11     | Reached skill level 5 in Dodging
 13590 | D:11     | Found an iron altar of Okawaru.
 13671 | D:11     | Noticed Amaemon
 13773 | D:11     | Killed Amaemon
 13774 | D:11     | Reached skill level 6 in Dodging
 13945 | D:11     | Reached skill level 7 in Dodging
 14017 | D:11     | Gained mutation: You are mostly covered in razor-sharp
                  | scales. (AC +2, Slay +2) [demonic ancestry]
 14017 | D:11     | Reached XP level 12. HP: 92/98 MP: 12/12
 14024 | D:11     | Noticed a two-headed ogre
 14030 | D:11     | Killed a two-headed ogre
 14037 | D:11     | Reached skill level 8 in Dodging
 14336 | D:11     | Identified the ring "Doesic" {rN+ MP+9 Str+8 Int-4 Stlth+}
 14389 | D:11     | Noticed a death knight
 15104 | D:11     | Killed a death knight
 15105 | D:11     | Reached skill level 9 in Dodging
 15673 | Lair:1   | Entered Level 1 of the Lair of Beasts
 15873 | Lair:1   | Reached skill level 10 in Dodging
 16878 | Lair:2   | Noticed a boulder beetle
 17094 | Lair:2   | Found a hole to the Spider Nest.
 17117 | Lair:2   | Reached skill level 11 in Dodging
 17436 | Lair:2   | Bought a spiked plate armour for 784 gold pieces
 17436 | Lair:2   | Identified the +2 plate armour of the Eleven Ziggurats {rF+
                  | Str+2 Dex+7} (You bought it in a shop on level 2 of the
                  | Lair of Beasts)
 18286 | Lair:2   | Killed a boulder beetle
 19106 | Lair:3   | Noticed an eight-headed hydra
 19118 | Lair:2   | Gained mutation: Your touch may inflict irresistible damage
                  | on your foes. [demonic ancestry]
 19118 | Lair:2   | Reached XP level 13. HP: 92/104 MP: 13/13
 19417 | D:11     | Slain by a skeletal warrior

Illustrated notes

Levels and vault maps discovered:
D:1:      tarquinn_simple_flora_water_d, layout_loops_ring,
          hellmonk_ecumenical_altar_run_dry, minmay_misc_feat_columns
D:2:      minmay_diamond_boxcup, layout_rooms, basic_altar, minmay_domino_2,
          uniq_sigmund
D:3:      layout_basic, mainiacjoe_overflow_alcove_2, uniq_ijyb
D:4:      layout_basic, serial_shops, shop, nicolae_ossuary_entry_giza
D:5:      layout_loops_cross
D:6:      layout_basic, minmay_joined_circles, uniq_pikel
D:7:      layout_basic, minmay_temple_entry_sparse_star,
          kennysheep_generic_room_8, uniq_menkaure
D:8:      layout_layer_cave, nicolae_dithmenos_shadow_blocks,
          grunt_decor_fettered, minivault_1, nicolae_figureground_pulse,
          uniq_psyche, uniq_maurice
D:9:      layout_long_grid, kennysheep_vampire_church, david_lair_shrubbed,
          minmay_lindwurm_lava
D:10:     layout_irregular_city, uniq_harold
D:11:     minmay_imperfect_grid, layout_layer_cave, minmay_tree_intersection,
          okawaru_trees_1, uniq_amaemon
D:12:     minmay_the_grid_octo_triangle [minmay_the_grid_octo_chip,
          minmay_the_grid_octo_prize_ultimate_mussel_roller,
          minmay_the_grid_octo_clover], layout_long_grid,
          minmay_orc_entry_temple_small, nicolae_trove_entry_free_sample
Temple:   hellmonk_temple_of_storms
Lair:1:   layout_gridlike, grunt_megastairs_2
Lair:2:   layout_chaotic_city, nicolae_spider_entry_tight_spaces
Lair:3:   layout_regular_city, elwin_shoals_entry_rocks, ldierk_geyser,
          st_stairs_8, evilmike_ambush [evilmike_ambush_outer_basic,
          evilmike_ambush_inner_pond], grunt_megastairs_4

Skill      XL: |  1  2  3  4  5  6  7  8  9 10 11 12 |
---------------+-------------------------------------+-----
Unarmed Combat | 3 |  3.0
Dodging        | 3 7 11 | 11.2
Short Blades   | 1 2 4 5 9 10 | 10.4
Fighting       | 5 7 10 | 10.4
Shields        | 7 |  7.7
Armour         | 5 7 |  7.8

Action                     |  1- 3 |  4- 6 |  7- 9 | 10-12 | 13-15 || total
---------------------------+-------+-------+-------+-------+-------++-------
  Melee: Unarmed           |    17 |       |       |       |       ||    17
         Dagger            |    82 |   131 |   620 |   451 |       ||  1284
         Scimitar          |       |       |       |   435 |    35 ||   470
 Invoke: Potion Petition   |       |       |     1 |     1 |       ||     2
         Call Merchant     |       |       |       |     1 |       ||     1
  Evoke: Wand              |       |       |       |    16 |       ||    16
    Use: Potion            |       |     4 |     9 |     6 |       ||    19
         Scroll            |       |       |    17 |    10 |       ||    27
   Stab: Invisible         |       |       |     2 |       |       ||     2
         Sleeping          |       |       |     1 |     2 |       ||     3
         Distracted        |       |       |       |     2 |       ||     2
 Armour: Robe              |     6 |       |       |       |       ||     6
         Ring mail         |    20 |    39 |   102 |   296 |    13 ||   470
         Steam dragon scal |       |       |    72 |    23 |       ||    95
         Skin              |       |       |     6 |       |       ||     6
         Plate armour      |       |       |       |    11 |       ||    11
  Dodge: Dodged            |    72 |    62 |   299 |   465 |    16 ||   914
  Block: Buckler           |       |       |    44 |   269 |    12 ||   325

Table legend: (Time is in decaauts)
 A = Elapsed time spent in this place.
 B = Non-inter-level travel time spent in this place.
 C = Inter-level travel time spent in this place.
 D = Time resting spent in this place.
 E = Time spent auto-exploring this place.
 F = Levels seen in this place.
 G = Mean time per level.
                   A        B        C        D        E       F      G
               +--------+--------+--------+--------+--------+-----+--------+
         Total |  19076 |  17872 |   1204 |   4113 |  10342 |  17 | 1122.1 |
       Dungeon |  14739 |  13746 |    993 |   2788 |   8442 |  12 | 1228.2 |
        Temple |    130 |     90 |     40 |     69 |      0 |   1 |  130.0 |
          Lair |   3635 |   3465 |    170 |   1256 |   1625 |   3 | 1211.7 |
       Ossuary |    571 |    571 |      0 |      0 |    275 |   1 |  571.0 |
               +--------+--------+--------+--------+--------+-----+--------+

Top non-repeatable levels by time:
    D:11: 2837 daAuts
  Lair:2: 2500 daAuts
     D:8: 1746 daAuts
     D:7: 1722 daAuts
     D:9: 1560 daAuts
     D:6: 1223 daAuts
  Lair:1: 1120 daAuts
     D:5: 1080 daAuts
    D:10: 1058 daAuts
     D:1: 968 daAuts
     D:4: 886 daAuts
     D:3: 834 daAuts
     D:2: 792 daAuts
 Ossuary: 571 daAuts
  Temple: 130 daAuts
